 Dungeon Crawl Stone Soup version 0.30-a0-476-g330ca2eb8e (webtiles) character file.

Game seed: 2661263667431870562

398 ragingrage the Insei (level 6, -1/46 HPs)
             Began as a Demigod Transmuter on Dec 21, 2022.
             Slain by Pikel
             ... wielding a +1 whip of electrocution
              (11 damage)
             ... on level 5 of the Dungeon.
             The game lasted 00:02:59 (3777 turns).

ragingrage the Insei (Demigod Transmuter)           Turns: 3777, Time: 00:03:00

Health: -1/46      AC:  4    Str: 11    XL:     6   Next: 27%
Magic:  10/11      EV: 12    Int: 23    God:
Gold:   209        SH:  0    Dex: 17    Spells: 2/8 levels left

rFire   . . .      SeeInvis .      - Unarmed
rCold   + . .      Faith    .    (no shield)
rNeg    . . .      Spirit   .    a - +0 robe
rPois   .          Reflect  .    (helmet currently unavailable)
rElec   +          Harm     .    k - +0 cloak "Daodigho" {rElec Dex+3}
rCorr   .          Rampage  .    g - +0 pair of gloves
Will    .....                    (boots currently unavailable)
Stlth   ++........               (no amulet)
HPRegen 0.27/turn                m - ring of protection from cold
MPRegen 0.12/turn                (no ring)

@: appendages, wereblooded, flying
A: horns 2, talons 2, high MP 1, forlorn, divine attributes
a: End Transformation


You were on level 5 of the Dungeon.
You had temporarily grown beastly horns and talons.
You visited 1 branch of the dungeon, and saw 5 of its levels.

You collected 209 gold pieces.

Inventory:

Hand Weapons
 c - a +1 dagger of venom
Missiles
 r - 2 poisoned darts
Armour
 a - a +0 robe (worn)
 g - a +0 pair of gloves (worn)
 k - the +0 cloak "Daodigho" (worn) {rElec Dex+3}
   (You found it on level 3 of the Dungeon)

   Dex:       It affects your dexterity (+3).
   rElec:     It insulates you from electricity.
Jewellery
 m - a ring of protection from cold (left hand)
 w - an amulet of regeneration
Wands
 n - a wand of roots (6)
Scrolls
 d - a scroll of fear {unknown}
 e - 2 scrolls of brand weapon {unknown}
 f - 3 scrolls of teleportation {unknown}
 j - 2 scrolls of blinking {unknown}
 p - a scroll of vulnerability {unknown}
 s - 2 scrolls of fog {unknown}
 u - a scroll of enchant armour {unknown}
 x - a scroll of enchant weapon {unknown}
Potions
 b - a potion of lignification
 i - a potion of magic {unknown}
 l - a potion of degeneration {unknown}
 o - a potion of curing
 q - 2 potions of heal wounds {unknown}
 t - a potion of might {unknown}
 v - a potion of haste {unknown}


   Skills:
 - Level 0.8 Fighting
 - Level 1.7 Dodging
 + Level 5.1 Unarmed Combat
 - Level 1.7 Spellcasting
 + Level 4.7 Transmutations


You had 2 spell levels left.
You knew the following spells:

 Your Spells              Type           Power      Damage    Failure   Level
a - Beastly Appendage     Tmut           46%        N/A       1%          1
b - Wereblood             Tmut           23%        N/A       3%          2
c - Spider Form           Tmut/Pois      12%        N/A       16%         3

Your spell library contained the following spells:

 Spells                   Type           Power      Damage    Failure   Level
 Ice Form                 Ice/Tmut       12%        N/A       45%         4


Dungeon Overview and Level Annotations

Branches:
Dungeon (5/15)
 Temple: D:4-7

Annotations:
D:5 Pikel


Innate Abilities, Weirdness & Mutations

You have temporarily grown beastly horns and talons.
You have an increased reservoir of magic. (+10% MP)
You shall have no god before yourself.
Your divine heritage dramatically boosts your attributes as you level up.


Message History

You claw Pikel. You headbutt Pikel, but do no damage.
Pikel is moderately wounded.
Pikel hits you with a +1 whip of electrocution.
You hit Pikel but do no damage.
Pikel looks as sick as possible!
You claw Pikel, but do no damage. You headbutt Pikel, but do no damage.
Pikel is moderately wounded.
Pikel drinks a potion.
Pikel is healed!
Pikel looks more healthy.
Your +1 dagger of venom stops dripping with poison.
You are now empty-handed.
Your +1 dagger of venom begins to drip with poison!
c - a +1 dagger of venom (weapon)
You hit Pikel but do no damage.
Pikel is poisoned.
You headbutt Pikel.
Pikel is moderately wounded.
Pikel hits you with a +1 whip of electrocution.
You hit Pikel but do no damage.
Pikel looks even sicker.
Your punch misses Pikel.
Pikel is moderately wounded.
Pikel hits you with a +1 whip of electrocution!
You barely miss Pikel.
Pikel is moderately wounded.
Pikel barely misses you.
You hit Pikel but do no damage.
Pikel looks as sick as possible!
Pikel is moderately wounded.
Pikel closely misses you.
Your +1 dagger of venom stops dripping with poison.
You are now empty-handed.
Pikel hits you with a +1 whip of electrocution.
* * * LOW HITPOINT WARNING * * *
You barely miss Pikel. You claw Pikel.
Pikel is heavily wounded.
Pikel hits you with a +1 whip of electrocution.
* * * LOW HITPOINT WARNING * * *
You feel better.
Pikel hits you with a +1 whip of electrocution.
* * * LOW HITPOINT WARNING * * *
It was a potion of flight.
You feel very buoyant.
You fly up into the air.
Pikel hits you with a +1 whip of electrocution!
You die...

#..........# #.
#.##..####.# #. # #..#
#.# ## #..# #.####. #.[#
#...... #..# ######.
#######..##########
#.####................)#
.......@.....#####.###.#
#.####K####### #.###..
#5 #.#.#.# #5 #..#... #5
###.### #5 ### .. ..


You could see Pikel (extremely poisoned) and 4 lemures.

Vanquished Creatures
  Eustachio (D:4)
  A necrophage (D:4)
  A hound (D:3)
  An iguana (D:5)
  3 gnolls (D:4)
  5 adders
  An ufetubus (D:5)
  2 worms
  2 orcs
  5 endoplasms
  3 giant cockroaches
  3 goblins
  3 hobgoblins (D:1)
  3 quokkas
  4 ball pythons
  7 bats
  3 frilled lizards (D:3)
  7 kobolds
  7 rats
62 creatures vanquished.

Notes
Turn   | Place    | Note
-------+----------+-------------------------------------------
     0 | D:1      | ragingrage the Demigod Transmuter began the quest for the
                  | Orb.
     0 | D:1      | Reached XP level 1. HP: 15/15 MP: 5/5
    80 | D:1      | Reached skill level 3 in Unarmed Combat
   162 | D:1      | Reached XP level 2. HP: 22/22 MP: 7/7
   411 | D:1      | Learned a level 2 spell: Wereblood
  1274 | D:2      | Reached XP level 3. HP: 15/27 MP: 5/8
  1565 | D:3      | Identified the +0 cloak "Daodigho" {rElec Dex+3}
  1694 | D:3      | Reached XP level 4. HP: 28/34 MP: 5/9
  2268 | D:4      | Reached skill level 4 in Unarmed Combat
  2492 | D:4      | Noticed a necrophage
  2502 | D:4      | Killed a necrophage
  2503 | D:4      | Reached XP level 5. HP: 29/39 MP: 8/10
  2507 | D:4      | Learned a level 3 spell: Spider Form
  2849 | D:4      | Noticed Eustachio
  2865 | D:4      | Killed Eustachio
  2866 | D:4      | Reached XP level 6. HP: 34/46 MP: 8/11
  3096 | D:5      | Entered Level 5 of the Dungeon
  3111 | D:5      | Reached skill level 5 in Unarmed Combat
  3755 | D:5      | Noticed Pikel
  3777 | D:5      | Slain by Pikel

Illustrated notes

Levels and vault maps discovered:
D:1:      amcnicky_arrival_single_pillar, layout_basic,
          ebering_ecumenical_altar_box
D:2:      wander_river, layout_basic, serial_shops, nicolae_shop_stone
D:3:      minmay_chambers_of_twos, layout_basic
D:4:      layout_gridville, item_on_display_a, uniq_eustachio
D:5:      layout_loops_ring, mainiacjoe_overflow_six_doors_small, uniq_pikel

Skill      XL: |  1  2  3  4  5  6 |
---------------+-------------------+-----
Transmutations | 2 3 4 |  4.7
Unarmed Combat | 3 4 5 |  5.1
Fighting       | |  0.8
Dodging        | |  1.7
Spellcasting   | |  1.7

Action                   |  1- 3 |  4- 6 || total
-------------------------+-------+-------++-------
Melee: Unarmed           |    92 |    18 ||   110
       Kick              |    16 |    22 ||    38
       Headbutt          |     7 |    19 ||    26
       Punch             |     1 |     2 ||     3
       Dagger            |    20 |    83 ||   103
 Cast: Beastly Appendage |    12 |    13 ||    25
       Wereblood         |     5 |    12 ||    17
  Use: Potion            |       |     2 ||     2
 Stab: Sleeping          |     1 |     1 ||     2
Armor: Robe              |    19 |    32 ||    51
Dodge: Dodged            |    61 |    63 ||   124

Table legend: (Time is in decaauts)
 A = Elapsed time spent in this place.
 B = Non-inter-level travel time spent in this place.
 C = Inter-level travel time spent in this place.
 D = Time resting spent in this place.
 E = Time spent auto-exploring this place.
 F = Levels seen in this place.
 G = Mean time per level.
                   A        B        C        D        E       F      G
               +--------+--------+--------+--------+--------+-----+--------+
         Total |   3784 |   3754 |     30 |    703 |   2457 |   5 |  756.8 |
       Dungeon |   3784 |   3754 |     30 |    703 |   2457 |   5 |  756.8 |
               +--------+--------+--------+--------+--------+-----+--------+

Top non-repeatable levels by time:
     D:4: 1098 daAuts
     D:1: 1007 daAuts
     D:3: 692 daAuts
     D:5: 678 daAuts
     D:2: 306 daAuts
